 Dungeon Crawl Stone Soup version 0.17-a0-1954-g0dddeaa (webtiles) character file.

421 Ordine the Cruncher (level 6, 12/50 HPs)
             Began as a Minotaur Gladiator on Oct 4, 2015.
             Quit the game on level 6 of the Dungeon.
             The game lasted 00:07:39 (3086 turns).

Ordine the Cruncher (Minotaur Gladiator)            Turns: 3086, Time: 00:07:39

Health: 12/50      AC:  3    Str: 20      XL:     6   Next: 62%
Magic:  5/5        EV: 12    Int:  5      God:
Gold:   213        SH:  0    Dex:  7 (12) Spells: 0 memorised, 5 levels left

rFire  . . .     SeeInvis .     a - +0 quarterstaff
rCold  . . .     Clarity  .     b - +0 leather armour
rNeg   . . .     SustAt   .     (no shield)
rPois  .         Gourm    .     c - +0 hat
rElec  .         Spirit   .     (no cloak)
rCorr  .         Warding  .     (no gloves)
rMut   .         Stasis   +     (no boots)
MR     +....                    f - amulet of stasis
Stlth  +.........               (no ring)
                                o - ring of protection from magic

@: somewhat resistant to hostile enchantments, very unstealthy
A: retaliatory headbutt, horns 2
a: no special abilities


You were on level 6 of the Dungeon.
You were hungry.

You visited 1 branch of the dungeon, and saw 6 of its levels.

You collected 213 gold pieces.

Inventory:

Hand weapons
 a - a +0 quarterstaff (weapon)
Missiles
 d - 3 throwing nets (quivered)
Armour
 b - a +0 leather armour (worn)
 c - a +0 hat (worn)
Jewellery
 f - an amulet of stasis (around neck)
 o - a ring of protection from magic (left hand)
Scrolls
 g - a scroll of remove curse
Potions
 h - a potion of magic
 i - a potion of flight
 n - a potion of might
 q - a potion of haste {unknown}
 r - a potion of berserk rage {unknown}
Comestibles
 e - 3 bread rations
 j - a beef jerky
 k - 2 slices of pizza
 m - 3 meat rations
 p - 2 fruits


   Skills:
 - Level 2.4 Fighting
 + Level 9.1 Staves
 - Level 2.0 Throwing
 - Level 3.2 Dodging


You had 5 spell levels left.
You didn't know any spells.

Dungeon Overview and Level Annotations

Branches:
Dungeon (6/15)
 Temple: D:4-7

Altars:
Sif Muna

Annotations:
D:4 Eustachio


Innate Abilities, Weirdness & Mutations

You reflexively headbutt those who attack you in melee.
You have a pair of horns on your head.


Message History

An orc priest comes into view. It is wielding a club.
Found a stone staircase leading down.
An orc comes into view. It is wielding a hand axe.
The orc shouts!
The orc priest shouts!
The orc misses you.
The orc moves out of view.
An orc comes into view. It is wielding a falchion.
The orc closely misses you.
The orc shouts!
An orc comes into view. It is wielding a hand axe.
You see here a potion of flight.
The orc shouts!
The orc closely misses you.
There is a stone staircase leading down here.
The orc hits you from afar with a trident.
* * * LOW HITPOINT WARNING * * *
You climb downwards.
An orc and a crimson imp come into view.
The crimson imp shouts!
The orc shouts!
There is a stone staircase leading up here.
Are you sure you want to abandon this character and quit the game? (Confirm with "yes".)

# #. ##. #...
#.#...###
#.......######
#..5...@.....#
#.......####.#
###...###
....o. .####


You could see a crimson imp and an orc.

Vanquished Creatures
  Grinder (D:3)
  An orc priest (D:3)
  A worker ant (D:5)
  Natasha (thrice) (D:3)
  A gnoll (D:1)
  4 adders
  An ooze (D:2)
  2 worms
  4 giant geckos
  4 orcs (D:3)
  5 giant cockroaches
  4 goblins
  8 hobgoblins
  8 jackals
  2 quokkas
  2 ball pythons
  8 bats
  2 giant newts (D:3)
  2 kobolds (D:1)
  5 rats
68 creatures vanquished.

Notes
Turn   | Place    | Note
--------------------------------------------------------------
     0 | D:1      | Ordine the Minotaur Gladiator began the quest for the Orb.
     0 | D:1      | Reached XP level 1. HP: 18/18 MP: 0/0
    26 | D:1      | Reached skill level 4 in Staves
    33 | D:1      | Reached XP level 2. HP: 11/25 MP: 1/1
   333 | D:1      | HP: 1/25 [gnoll/halberd (14)]
   335 | D:1      | Reached skill level 5 in Staves
   335 | D:1      | Reached XP level 3. HP: 1/30 MP: 2/2
  1003 | D:2      | Found a deep blue altar of Sif Muna.
  1488 | D:2      | Reached skill level 6 in Staves
  1488 | D:2      | Reached XP level 4. HP: 33/37 MP: 3/3
  2255 | D:3      | Reached XP level 5. HP: 29/42 MP: 4/4
  2289 | D:3      | Reached skill level 7 in Staves
  2329 | D:3      | Noticed Natasha
  2335 | D:3      | Killed Natasha
  2514 | D:3      | Noticed Natasha
  2518 | D:3      | Killed Natasha
  2684 | D:3      | Noticed Natasha
  2685 | D:3      | Noticed Grinder
  2690 | D:3      | Killed Natasha
  2708 | D:3      | Killed Grinder
  2708 | D:3      | Reached skill level 8 in Staves
  2708 | D:3      | Reached XP level 6. HP: 22/50 MP: 5/5
  2982 | D:4      | Noticed Eustachio
  3012 | D:4      | Reached skill level 9 in Staves
  3019 | D:5      | Entered Level 5 of the Dungeon
  3086 | D:6      | Quit the game

Vault maps used:
D:1:      lightli_arrival_boilingwater, fountainhead
D:2:      nicolae_overflow_crystal_walls, wad_floor_pattern_untrapped
D:3:      serial_bayou, serial_bayou_pond_e, serial_bayou_pond_e,
          serial_bayou_pond_a, serial_bayou_crossing, serial_bayou_pond_d,
          serial_bayou_pond_a, minmay_misc_feat_five, uniq_natasha, uniq_grinder
D:4:      first_bread, minmay_fountain_box, uniq_eustachio
D:5:      wad_pebble_path, minmay_temple_entry_statues_pillars, basic_altar
D:6:      elyvilon_altar_3, fountainhead

Action                   |  1- 3 |  4- 6 || total
-------------------------+-------+-------++-------
Melee: Quarterstaff      |    72 |   107 ||   179
  Use: Scroll            |     9 |     6 ||    15
       Potion            |       |     2 ||     2
  Eat: Chunk             |     1 |     5 ||     6
